 Dungeon Crawl Stone Soup version 0.27-a0-242-ge0fc76b88b (webtiles) character file.

Game seed: 4145009116340220113

63 rebelwolf the Skirmisher (level 3, 0/29 HPs)
             Began as a Demonspawn Fighter on Feb 3, 2021.
             Slain by a hobgoblin
             ... wielding a +0 club
              (2 damage)
             ... on level 2 of the Dungeon.
             The game lasted 00:01:48 (812 turns).

rebelwolf the Skirmisher (Demonspawn Fighter)        Turns: 812, Time: 00:01:49

Health: 0/29       AC:  6    Str: 17    XL:     3   Next: 89%
Magic:  3/3        EV:  7    Int:  9    God:
Gold:   29         SH:  9    Dex: 12    Spells: 2/2 levels left

rFire    + . .     SeeInvis .   a - +0 flail
rCold    + . .     Faith    .   c - +0 kite shield
rNeg     . . .     Spirit   .   b - +0 scale mail
rPois    +         Reflect  .   (helmet restricted)
rElec    +         Harm     .   (no cloak)
rCorr    +         Rampage  .   (no gloves)
Will     +....                  (no boots)
Stlth    ..........             (no amulet)
HPRegen  0.09/turn              g - ring of willpower
MPRegen  0.08/turn              (no ring)

@: lethally poisoned (0 -> -12), resistant
A: horns 1, foul stench 1
a: no special abilities


You were on level 2 of the Dungeon.
You visited 1 branch of the dungeon, and saw 2 of its levels.

You collected 29 gold pieces.

Inventory:

Hand Weapons
 a - a +0 flail (weapon)
Armour
 b - a +0 scale mail (worn)
 c - a +0 kite shield (worn)
Jewellery
 g - a ring of willpower (left hand)
Potions
 d - a potion of might
 f - a potion of resistance


   Skills:
 + Level 3.3 Fighting
 + Level 2.2 Maces & Flails
 + Level 3.1 Armour
 + Level 1.0 Dodging
 + Level 3.2 Shields


You had 2 spell levels left.
You didn't know any spells.
Your spell library was empty.

Dungeon Overview and Level Annotations

Branches:
Dungeon (2/15)

Altars:


Innate Abilities, Weirdness & Mutations

You have a pair of small horns on your head.
You may rarely emit foul miasma when damaged in melee.


Message History

* * * LOW HITPOINT WARNING * * *
You are more poisoned.
The adder poisons you! You block the hobgoblin's attack.
The bat moves out of view.
Sorry, you're not good enough to have a special ability.
Sorry, you're not good enough to have a special ability.
You hit the adder. You headbutt the adder.
The adder is almost dead.
* * * LOW HITPOINT WARNING * * *
You feel sick.
You kill the adder!
The hobgoblin hits you but does no damage.
You block the hobgoblin's attack.
You barely miss the hobgoblin. You headbutt the hobgoblin.
The hobgoblin is moderately wounded.
* * * LOW HITPOINT WARNING * * *
You feel sick.
The frilled lizard bites you but does no damage.
You block the frilled lizard's attack. The hobgoblin hits you with a +0 club.
You die...

#........
.........
....?....
.######........
.....[.......$.
...............
........l....♣
......○@g.#
.....).†###
.......<..#
........#......
...$....#......
......... #....
.#.#####. ...#
... .# ..# ..
.# .#


You could see a hobgoblin and a frilled lizard.

Vanquished Creatures
  A gnoll (D:1)
  3 adders (D:2)
  An ooze (D:1)
  2 bats (D:1)
  2 giant cockroaches (D:1)
  3 goblins (D:1)
  3 hobgoblins (D:1)
  2 kobolds (D:1)
  A quokka (D:2)
  2 rats (D:1)
20 creatures vanquished.

Notes
Turn   | Place    | Note
-------+----------+-------------------------------------------
     0 | D:1      | rebelwolf the Demonspawn Fighter began the quest for the
                  | Orb.
     0 | D:1      | Reached XP level 1. HP: 18/18 MP: 1/1
   241 | D:1      | Gained mutation: You have a pair of small horns on your
                  | head. [demonic ancestry]
   241 | D:1      | Reached XP level 2. HP: 20/24 MP: 2/2
   616 | D:1      | Gained mutation: You may rarely emit foul miasma when
                  | damaged in melee. [demonic ancestry]
   616 | D:1      | Reached XP level 3. HP: 26/29 MP: 3/3
   809 | D:2      | Reached skill level 1 in Dodging
   812 | D:2      | Slain by a hobgoblin

Illustrated notes

Levels and vault maps discovered:
D:1:      roderic_dead_forest, layout_basic
D:2:      layout_rooms, chequers_ecumenical_altar_simple

Skill      XL: |  1  2  3 |
---------------+----------+-----
Shields        | 3 |  3.2
Maces & Flails | 2 |  2.2
Armour         | 3 |  3.1
Dodging        | 1 |  1.0
Fighting       | |  3.3

Action                   || total
-------------------------++-------
Melee: Flail             ||    68
       Headbutt          ||    10
  Use: Scroll            ||     1
       Potion            ||     1
Armor: Scale mail        ||    43
Dodge: Dodged            ||    32
Block: Kite shield       ||    49

Table legend: (Time is in decaauts)
 A = Elapsed time spent in this place.
 B = Non-inter-level travel time spent in this place.
 C = Inter-level travel time spent in this place.
 D = Time resting spent in this place.
 E = Time spent auto-exploring this place.
 F = Levels seen in this place.
 G = Mean time per level.
                   A        B        C        D        E       F      G
               +--------+--------+--------+--------+--------+-----+--------+
         Total |    849 |    838 |     11 |    118 |    384 |   2 |  424.5 |
       Dungeon |    849 |    838 |     11 |    118 |    384 |   2 |  424.5 |
               +--------+--------+--------+--------+--------+-----+--------+

Top non-repeatable levels by time:
     D:1: 829 daAuts
     D:2: 19 daAuts
